 Dungeon Crawl Stone Soup version 0.29-a0-1039-gfc20370e89 (webtiles) character file.

Game seed: 16374162545278295174

17023 Plasmagod the Warrior (level 12, -3/99 HPs)
             Began as a Formicid Fighter on Aug 15, 2022.
             Was an Elder of Hepliaklqana.
             Slain by a manticore (8 damage)
             ... on level 3 of the Lair of Beasts.
             The game lasted 00:37:40 (14628 turns).

Plasmagod the Warrior (Formicid Fighter)           Turns: 14628, Time: 00:37:41

Health: -3/99      AC: 14    Str: 27    XL:     12   Next: 77%
Magic:  12/12      EV:  5    Int:  3    God:    Hepliaklqana [****..]
Gold:   758        SH: 28    Dex: 13    Spells: 11/11 levels left

rFire   + + .      SeeInvis +   g - +0 battleaxe
rCold   . . .      Faith    .   i - +10 tower shield of Ignorance {rN+ Int-4}
rNeg    + . .      Spirit   .   y - +3 chain mail {rF+}
rPois   .          Reflect  +   (helmet unavailable)
rElec   .          Harm     .   A - +0 cloak
rCorr   .          Rampage  .   (no gloves)
Will    +....                   B - +0 pair of boots
Stlth   ..........              E - amulet of reflection
HPRegen 0.26/turn               D - ring of protection from fire
MPRegen 0.13/turn               C - ring of flight

@: flying
A: reduced essence, permanent stasis, dig shafts and tunnels, antennae 3, four
strong arms
a: Dig, Shaft Self, Renounce Religion, Recall Ancestor, Ancestor Identity,
Transference, Idealise


You were on level 3 of the Lair of Beasts.
You worshipped Hepliaklqana.
Hepliaklqana was greatly pleased with you.
You visited 3 branches of the dungeon, and saw 15 of its levels.

You collected 758 gold pieces.

Inventory:

Hand Weapons
 f - a +5 vampiric rapier
 g - a +0 battleaxe (weapon)
Armour
 i - the +10 tower shield of Ignorance (worn) {rN+ Int-4}
   (You acquired it on level 6 of the Dungeon)

   Int:       It affects your intelligence (-4).
   rN:        It protects you from negative energy.
 s - a +0 plate armour
 y - a +3 chain mail of fire resistance (worn)
 A - a +0 cloak (worn)
 B - a +0 pair of boots (worn)
Jewellery
 a - a ring of ice
 v - an amulet of the acrobat
 C - a ring of flight (right hand)
 D - a ring of protection from fire (left hand)
 E - an amulet of reflection (around neck)
Wands
 c - a wand of mindburst (21)
 l - a wand of flame (29)
 x - a wand of polymorph (22)
 z - a wand of roots (12)
Scrolls
 e - 3 scrolls of poison
 h - 2 scrolls of fear
 j - 4 scrolls of immolation
 m - 2 scrolls of enchant weapon
 n - a scroll of fog
 t - 2 scrolls of acquirement
 F - a scroll of brand weapon {unknown}
 I - a scroll of amnesia {unknown}
 J - a scroll of identify
Potions
 b - a potion of resistance
 d - 5 potions of might
 k - 6 potions of heal wounds
 o - 2 potions of attraction
 p - a potion of magic {unknown}
 q - 3 potions of curing
 r - a potion of lignification {unknown}
 u - 2 potions of brilliance
 w - 2 potions of flight {unknown}
 G - 2 potions of ambrosia {unknown}
 H - a potion of mutation {unknown}


   Skills:
 - Level 16.0 Fighting
 + Level 13.9 Axes
 - Level 3.2 Armour
 - Level 4.0 Shields


You had 11 spell levels left.
You didn't know any spells.
Your spell library contained the following spells:

 Spells                   Type           Power      Damage    Failure   Level
 Apportation              Tloc           0%         N/A       100%        1
 Necrotise                Necr           0%         1d4       100%        1
 Slow                     Hex            0%         N/A       100%        1
 Summon Small Mammal      Summ           0%         N/A       100%        1
 Sublimation of Blood     Necr           0%         N/A       100%        2
 Wereblood                Tmut           0%         N/A       100%        2
 Confusing Touch          Hex            0%         N/A       100%        3
 Portal Projectile        Hex/Tloc       0%         N/A       100%        3
 Tukima's Dance           Hex            0%         N/A       100%        3
 Vampiric Draining        Necr           0%         2d6       100%        3
 Blade Hands              Tmut           0%         N/A       100%        5
 Summon Hydra             Summ           0%         N/A       100%        7


Dungeon Overview and Level Annotations

Branches:
Dungeon (11/15)            Temple (1/1) D:5            Lair (3/5) D:8
 Shoals (0/4) Lair:3
  Snake: Lair:2-3    Spider: Lair:2-3       Orc: D:9-12

Altars:
Ashenzari
Cheibriados
Dithmenos
Elyvilon
Fedhas
Gozag
Hepliaklqana
Kikubaaqudgha
Makhleb
Nemelex Xobeh
Okawaru
Qazlal
Ru
Sif Muna
Trog
Uskayaw
Vehumet
Wu Jian
Xom
Yredelemnul
Zin
The Shining One
Lugonu

Shops:
D:1 =   D:5 =   D:9 =

Annotations:
D:7 2 transporters
D:8 3 runed translucent doors, generaletaddeo's ghost, novice FoFi
Lair:2 exclusion: 3 oklob plants


Innate Abilities, Weirdness & Mutations

Your life essence is reduced to manifest your ancestor. (-10% HP)
You cannot be hasted, slowed, berserked, paralysed or teleported.
You can dig through walls and to a lower floor.
You have a pair of large antennae on your head. (SInv)
Your four strong arms can wield two-handed weapons with a shield.


Message History

You completely miss the wolf. You hit the wolf but do no damage.
You slash the manticore! You block the wolf's attack. x2
The manticore bites you but does no damage.
The manticore closely misses you. You block the manticore's attack.
The wolf bites you. The wind drake flaps its wings at you.
The air twists around and strikes you. You block the wolf's attack. x2
The manticore bites you! The manticore barely misses you.
The manticore claws you but does no damage.
The wolf bites you but does no damage.
You miss the wolf.
The wolf is severely wounded.
You slash the wolf! You closely miss the wolf. You hit the manticore.
You block the wolf's attack. x2; The wolf bites you but does no damage.
The manticore bites you!!
The manticore claws you but does no damage.
You block the manticore's attack. You block the wolf's attack.
The wolf bites you. The wolf barely misses you.
You are too injured to fight recklessly!
You hit the manticore but do no damage.
The manticore is moderately wounded.
You closely miss the wolf. You slash the wolf!
You hit the wolf but do no damage. You block the wolf's attack. x2
The manticore barely misses you. The manticore claws you!
You block the manticore's attack. The wolf barely misses you.
You block the wolf's attack. x2
You hit the manticore.
The manticore is moderately wounded.
You miss the wolf. You closely miss the wolf. You slice the wolf!!
You kill the wolf!
You block the wolf's attack. The manticore bites you!
You block the manticore's attack. x2; You block the wolf's attack.
The wolf barely misses you. The wind drake flaps its wings at you.
The air twists around and strikes you!
* * * LOW HITPOINT WARNING * * *
The manticore bites you!
* * * LOW HITPOINT WARNING * * *
The manticore barely misses you. The manticore claws you!
You die...

#####+.##.#
#P.......####
#............
#........+..#
##........# #
#.........#
#...k.....#
#P.Hhh...##
#...@)...#
#........#
##.......#
#.......#
##..#####
####


You could see a wind drake (repels missiles), a manticore and 2 wolves.

Vanquished Creatures
  Gastronok (D:10)
  Snorg (D:10)
  A hydra (Lair:2)
  A centaur warrior (D:9)
  A two-headed ogre (D:8)
  Nergalle (Lair:2)
  Sonja (Lair:2)
  3 cane toads (Lair:2)
  A tengu conjurer (D:9)
  2 komodo dragons
  A troll (D:10)
  Prince Ribbit (D:6)
  A hornet (shapeshifter) (D:9)
  6 yaks
  A basilisk (Lair:1)
  A wyvern (D:8)
  A steam dragon (D:9)
  A redback (shapeshifter) (D:9)
  3 vampire mosquitoes (D:9)
  Menkaure (D:6)
  3 water moccasins
  2 sky beasts (D:7)
  Duvessa (D:6)
  2 orc warriors
  3 black bears
  2 ogres
  7 wolves
  A phantom (D:6)
  5 centaurs
  A kobold brigand (D:7)
  6 bullfrogs
  A gnoll sergeant (D:8)
  3 scorpions
  2 necrophages
  22 wights
  Dowan (D:6)
  3 killer bees (D:7)
  2 electric eels (Lair:1)
  4 orc priests
  A hound (D:6)
  An iguana (D:5)
  4 orc wizards
  Ijyb (D:5)
  7 gnolls
  5 adders
  A shadow imp (D:6)
  3 white imps
  An ufetubus (D:7)
  4 worms (D:2)
  4 dart slugs
  25 orcs
  5 endoplasms
  2 giant cockroaches (D:3)
  6 goblins
  5 hobgoblins
  3 jackals
  9 quokkas
  7 ball pythons
  2 bats
  5 frilled lizards
  8 kobolds
  3 rats
213 creatures vanquished.

Vanquished Creatures (collateral kills)
  A catoblepas (Lair:2)
  A black mamba (Lair:2)
  An elephant (Lair:1)
  A cane toad (Lair:1)
  A komodo dragon (Lair:1)
  A dream sheep (Lair:1)
  A wyvern (Lair:1)
  A yak (Lair:2)
  A vampire mosquito (D:9)
  2 basilisks
  A water moccasin (D:6)
  6 bullfrogs
  A scorpion (D:8)
  A wight (D:7)
  2 killer bees (D:7)
  An electric eel (Lair:1)
  An orc priest (D:7)
  A gnoll (D:7)
  An orc (D:8)
  A goblin (D:9)
27 creatures vanquished.

Vanquished Creatures (others)
  A deep elf pyromancer (D:9)
  A hexer (Lair:3)
  5 ancestors
  A kobold (D:7)
  4 fungi
  13 plants
25 creatures vanquished.

Grand Total: 265 creatures vanquished

Notes
Turn   | Place    | Note
-------+----------+-------------------------------------------
     0 | D:1      | Plasmagod the Formicid Fighter began the quest for the Orb.
     0 | D:1      | Reached XP level 1. HP: 18/18 MP: 1/1
   268 | D:1      | Reached XP level 2. HP: 20/24 MP: 2/2
   627 | D:1      | Reached XP level 3. HP: 21/29 MP: 3/3
  1137 | D:1      | Found Ucraid's Jewellery Boutique.
  1542 | D:2      | Reached XP level 4. HP: 24/35 MP: 4/4
  2802 | D:3      | Noticed a black bear
  2810 | D:3      | Killed a black bear
  2811 | D:3      | Reached skill level 5 in Axes
  2811 | D:3      | Reached XP level 5. HP: 24/41 MP: 5/5
  2949 | D:3      | Found a faded altar of an unknown god.
  2995 | D:3      | Found an opulent altar of Gozag.
  3418 | D:4      | Found an ornate altar of the Wu Jian Council.
  3497 | D:4      | Reached XP level 6. HP: 47/47 MP: 6/6
  3837 | D:4      | Noticed an ogre
  3844 | D:4      | Reached XP level 7. HP: 52/52 MP: 7/7
  4433 | D:5      | Entered Level 5 of the Dungeon
  4433 | D:5      | Found Ecrug's Jewellery Boutique.
  4581 | D:5      | Found a staircase to the Ecumenical Temple.
  4588 | Temple   | Entered the Ecumenical Temple
  4616 | Temple   | Became a worshipper of Hepliaklqana the Forgotten
  4693 | D:5      | Noticed Ijyb
  4701 | D:5      | Killed Ijyb
  4834 | D:5      | You fall into a shaft and drop 2 floors!
  4939 | D:6      | Reached XP level 8. HP: 27/58 MP: 8/8
  5851 | D:6      | Noticed Dowan
  5852 | D:6      | Noticed Duvessa
  5981 | D:6      | Killed Dowan
  5991 | D:6      | Killed Duvessa
  6292 | D:6      | Found a blossoming altar of Fedhas.
  6594 | D:6      | Reached skill level 10 in Axes
  6664 | D:6      | Noticed Menkaure
  6867 | D:6      | Killed Menkaure
  6955 | D:6      | Reached XP level 9. HP: 53/64 MP: 9/9
  7038 | D:6      | Identified 3 scrolls of acquirement
  7038 | D:6      | Acquired the +10 tower shield of Ignorance {rN+ Int-4}
  7038 | D:6      | Found the +10 tower shield of Ignorance {rN+ Int-4}
  7076 | D:6      | Reached * piety under Hepliaklqana
  7132 | D:6      | Noticed Prince Ribbit
  7151 | D:6      | Killed Prince Ribbit
  7702 | D:7      | Reached skill level 4 in Fighting
  7704 | D:7      | Found a broken altar of Ashenzari.
  7715 | D:7      | Reached skill level 5 in Fighting
  7919 | D:7      | Reached skill level 6 in Fighting
  7928 | D:7      | Reached XP level 10. HP: 29/69 MP: 10/10
  7933 | D:7      | Reached skill level 7 in Fighting
  8282 | D:7      | Found a sparkling altar of Nemelex Xobeh.
  8412 | D:7      | Noticed a green ugly thing
  8413 | D:7      | Noticed a red ugly thing
  8413 | D:7      | Noticed a white ugly thing
  8414 | D:7      | Found a corrupted altar of Lugonu.
  8414 | D:7      | Noticed a purple ugly thing
  8500 | D:7      | Found a transporter.
  8502 | D:7      | Found a transporter.
  8993 | D:7      | Reached skill level 8 in Fighting
  9332 | D:8      | Reached skill level 9 in Fighting
  9350 | D:8      | Noticed a komodo dragon
  9363 | D:8      | Killed a komodo dragon
  9369 | D:8      | Found a staircase to the Lair.
  9422 | D:8      | Reached skill level 10 in Fighting
  9457 | D:8      | Found a shadowy altar of Dithmenos.
  9678 | D:8      | Noticed a two-headed ogre
  9687 | D:8      | Killed a two-headed ogre
  9688 | D:8      | Reached skill level 11 in Fighting
  9704 | D:8      | Reached XP level 11. HP: 84/85 MP: 11/11
  9909 | D:8      | Found a runed translucent gate.
  9910 | D:8      | Found an ancient bone altar of Kikubaaqudgha.
  9910 | D:8      | Found a runed translucent gate.
  9912 | D:8      | Found a sacrificial altar of Ru.
  9912 | D:8      | Found a shimmering altar of Xom.
  9915 | D:8      | Found a basalt altar of Yredelemnul.
  9924 | D:8      | Found a runed translucent gate.
  9930 | D:8      | Noticed generaletaddeo's ghost (novice FoFi)
  9970 | D:8      | Reached ** piety under Hepliaklqana
  9971 | D:8      | Remembered your ancestor Mastah as a hexer
 10245 | D:9      | Found Meomov's Jewellery Emporium.
 10253 | D:9      | Reached skill level 12 in Fighting
 10299 | D:9      | Found an iron altar of Okawaru.
 10762 | D:9      | Noticed a centaur warrior
 10762 | D:9      | Noticed a deep elf pyromancer
 10776 | D:9      | Killed a centaur warrior
 10777 | D:9      | Reached skill level 13 in Fighting
 10792 | D:9      | Killed a deep elf pyromancer
 11003 | D:10     | Entered Level 10 of the Dungeon
 11201 | D:10     | Noticed Snorg
 11207 | D:10     | Killed Snorg
 11208 | D:10     | Reached skill level 14 in Fighting
 11216 | D:10     | Noticed Gastronok
 11226 | D:10     | Killed Gastronok
 11775 | Lair:1   | Entered Level 1 of the Lair of Beasts
 11775 | Lair:1   | Reached *** piety under Hepliaklqana
 12145 | Lair:1   | Reached skill level 15 in Fighting
 12202 | Lair:1   | Reached XP level 12. HP: 99/99 MP: 12/12
 12496 | Lair:1   | Identified the +2 robe of Bad Feelings {rElec Archmagi}
 13213 | Lair:2   | Reached **** piety under Hepliaklqana
 13223 | Lair:2   | Reached skill level 16 in Fighting
 13586 | Lair:2   | Noticed Nergalle
 13594 | Lair:2   | Killed Nergalle
 13716 | Lair:2   | Noticed a catoblepas
 13731 | Lair:2   | Killed a catoblepas
 14018 | Lair:2   | Noticed a four-headed hydra
 14027 | Lair:2   | Killed a four-headed hydra
 14536 | Lair:3   | Noticed Sonja
 14561 | Lair:2   | Killed Sonja
 14608 | Lair:3   | Found a staircase to the Shoals.
 14628 | Lair:3   | Slain by a manticore

Illustrated notes

Levels and vault maps discovered:
D:1:      spicycebolla_green_bress_n_ham_2, layout_loops_ring, serial_shops,
          nicolae_shop_behind_doors, hangedman_decor_riveting,
          nicolae_grassy_gnolls
D:2:      layout_basic
D:3:      layout_basic, grunt_gozag_breadcrumbs,
          dreamdust_ecumenical_altar_angels_and_demons
D:4:      layout_basic, lemuel_round_altar, dk_noncrumbling_4,
          hangedman_feature_mirror, serial_park_tiny_2
D:5:      layout_cave_pods, minmay_temple_entry_trees, grunt_decor_junction,
          nicolae_stop_n_shop_2, uniq_ijyb
D:6:      layout_layer_cave, mainiacjoe_overflow_six_doors_small, uniq_duvessa,
          uniq_menkaure, uniq_prince_ribbit1
D:7:      gammafunk_corrupted_shrine, layout_layer_cave,
          nemelex_diamond_rough_becter, overflow_temple_1_default
D:8:      layout_basic, nicolae_dithmenos_shadow_blocks, minitemple,
          grunt_lair_entry_orc_guard_hut, ebering_ghost_rock_garden
D:9:      minmay_blocky_corners, layout_cave_pods, kennysheep_okawaru_gauntlet,
          serial_shops, shop
D:10:     layout_basic, skrybe_limestone_x, uniq_snorg, uniq_gastronok
D:11:     layout_long_grid, erik_orc_3, portal_ice_cave_entry_imps,
          hangedman_weighted_door
Temple:   jpeg_temple_clearing
Lair:1:   layout_regular_city, grunt_forest_small_clearings,
          infiniplex_staircase_pool, serial_bayou_shore_a, wad_woods_river_01
Lair:2:   layout_regular_city, disabler_island, grunt_megastairs_2,
          infiniplex_staircase_pool_2, uniq_nergalle
Lair:3:   layout_roguey, minmay_shoals_entry_beasts,
          minmay_snake_entry_guardpost_small, uniq_sonja, uniq_josephine

Skill      XL: |  1  2  3  4  5  6  7  8  9 10 11 12 |
---------------+-------------------------------------+-----
Axes           | 3 4 5 7 8 10 12 13 | 13.9
Fighting       | 6 11 15 16 | 16.0
Armour         | |  3.2
Shields        | |  4.0

Action                   |  1- 3 |  4- 6 |  7- 9 | 10-12 || total
-------------------------+-------+-------+-------+-------++-------
Melee: War axe           |    74 |   113 |   230 |    18 ||   435
       Unarmed           |       |       |     4 |       ||     4
       Battleaxe         |       |       |       |   289 ||   289
       Rapier            |       |       |       |     6 ||     6
Invok: Ancestor Life: He |       |       |       |     1 ||     1
       Recall Ancestor   |       |       |       |     1 ||     1
       Ancestor Identity |       |       |       |     1 ||     1
  Use: Scroll            |       |       |    17 |     1 ||    18
       Potion            |       |       |     1 |       ||     1
 Stab: Distracted        |       |       |       |     4 ||     4
       Confused          |       |       |       |     4 ||     4
Armor: Scale mail        |    32 |     9 |       |       ||    41
       Plate armour      |       |    46 |    96 |    35 ||   177
       Chain mail        |       |       |       |    41 ||    41
Dodge: Dodged            |    32 |    34 |    45 |    33 ||   144
Block: Buckler           |    16 |    33 |    44 |       ||    93
       Other             |       |       |     3 |       ||     3
       Tower shield      |       |       |   118 |   460 ||   578
       Reflection        |       |       |     1 |     7 ||     8

Table legend: (Time is in decaauts)
 A = Elapsed time spent in this place.
 B = Non-inter-level travel time spent in this place.
 C = Inter-level travel time spent in this place.
 D = Time resting spent in this place.
 E = Time spent auto-exploring this place.
 F = Levels seen in this place.
 G = Mean time per level.
                   A        B        C        D        E       F      G
               +--------+--------+--------+--------+--------+-----+--------+
         Total |  14864 |  14361 |    503 |   1516 |  10532 |  15 |  990.9 |
       Dungeon |  11962 |  11523 |    439 |   1363 |   8349 |  11 | 1087.5 |
        Temple |    102 |     90 |     12 |      0 |     70 |   1 |  102.0 |
          Lair |   2799 |   2748 |     51 |    153 |   2112 |   3 |  933.0 |
               +--------+--------+--------+--------+--------+-----+--------+

Top non-repeatable levels by time:
     D:7: 1793 daAuts
     D:6: 1552 daAuts
     D:5: 1484 daAuts
  Lair:2: 1423 daAuts
  Lair:1: 1315 daAuts
     D:1: 1200 daAuts
     D:2: 1183 daAuts
     D:4: 1093 daAuts
     D:3: 1017 daAuts
     D:9: 1006 daAuts
     D:8: 888 daAuts
    D:10: 742 daAuts
  Temple: 102 daAuts
  Lair:3: 60 daAuts
    D:11: 1 daAuts
